 Dungeon Crawl Stone Soup version 0.24-a0-58-gc8b47a3 (webtiles) character file.

Game seed: 3550780638582909360

65 TheGoonsmith the Shooter (level 3, -1/29 HPs)
             Began as a Centaur Arcane Marksman on Feb 2, 2019.
             Killed from afar by an orc wizard (10 damage)
             ... with a magic dart
             ... on level 2 of the Dungeon on Feb 4, 2019.
             The game lasted 00:02:28 (1420 turns).

TheGoonsmith the Shooter (Centaur Arcane Marksman)  Turns: 1420, Time: 00:02:29

Health: -1/29      AC:  4    Str: 12    XL:     3   Next: 94%
Magic:  4/4        EV:  9    Int: 12    God:
Gold:   31         SH:  0    Dex: 10    Spells: 3/4 levels left

rFire    . . .     SeeInvis .   b - +0 whip
rCold    . . .     Gourm    .   (no shield)
rNeg     . . .     Faith    .   e - +0 robe
rPois    .         Spirit   .   (no helmet)
rElec    .         Reflect  .   (no cloak)
rCorr    .         Harm     .   (no gloves)
MR       .....                  (no barding)
Stlth    +.........             (no amulet)
HPRegen  0.09/turn              (no ring)
MPRegen  0.09/turn              (no ring)

@: very quick
A: large, hooves 3, deformed body, speed 2, tough skin 3
a: no special abilities


You were on level 2 of the Dungeon.
You were hungry.

You visited 1 branch of the dungeon, and saw 2 of its levels.

You collected 31 gold pieces.

Inventory:

Hand Weapons
 a - a +0 shortbow
 b - a +0 whip (weapon)
Missiles
 d - 19 arrows
Armour
 e - a +0 robe (worn)
Jewellery
 c - an uncursed ring of stealth {unknown}
 i - a +2 ring of strength {unknown}
 l - an uncursed amulet of the acrobat {unknown}
Scrolls
 h - 4 scrolls of teleportation {unknown}
 j - a scroll of magic mapping {unknown}
 k - 3 scrolls of identify {unknown}
Potions
 g - a potion of ambrosia {unknown}
 m - a potion of cancellation {unknown}
Comestibles
 f - 2 rations


   Skills:
 + Level 2.2 Fighting
 * Level 4.9 Bows
 - Level 1.3 Dodging
 - Level 1.0 Spellcasting
 - Level 2.6 Hexes


You had 3 spell levels left.
You knew the following spells:

 Your Spells              Type           Power        Failure   Level  Hunger
a - Corona                Hex            #......      10%         1    ##.....

Your spell library contained the following spells:

 Spells                   Type           Power        Failure   Level  Hunger
 Slow                     Hex            #.......     16%         2    ###....
 Inner Flame              Hex/Fire       #.......     45%         3    ####...
 Portal Projectile        Hex/Tloc       #.....       45%         3    ####...
 Cause Fear               Hex            #.........   69%         4    #####..
 Leda's Liquefaction      Hex/Erth       #.........   86%         4    #####..


Dungeon Overview and Level Annotations

Branches:
Dungeon (2/15)

Altars:
Fedhas


Innate Abilities, Weirdness & Mutations

You have hooves in place of feet.
Armour fits poorly on your strangely shaped body.
You cover ground very quickly.
You have extremely tough skin. (AC +3)


Message History

The orc wizard seems to speed up.
The orc hits you but does no damage.
You hit the orc.
The orc is moderately wounded.
The orc hits you with a +0 hand axe.
You closely miss the orc.
The orc is moderately wounded.
The orc wizard looks braver for a moment.
The orc hits you with a +0 hand axe.
You hit the orc but do no damage.
The orc is moderately wounded.
The orc hits you with a +0 hand axe.
You hit the orc.
You kill the orc!
A rat comes into view.
The orc wizard casts a spell at you. The puff of frost hits you!
* * * LOW HITPOINT WARNING * * *
The orc wizard casts a spell at you. The magic dart hits you!
You die...

#.<..# ####.#
#.# #.# #.#
#.# #.#
#.#######.#.#.
#..@..oolorr..
##....###o#.#.
#....# #....#
#....# ##
#....# ..
#....# ..
#....# ..
#....# ..


You could see an orc wizard, 3 orcs, a leopard gecko and a rat.

Vanquished Creatures
  2 adders (D:2)
  An ooze (D:2)
  3 dart slugs (D:1)
  An orc (D:2)
  2 ball pythons
  5 bats (D:1)
  A giant cockroach (D:1)
  A goblin (D:2)
  6 hobgoblins
  2 jackals (D:1)
  4 kobolds
  2 frilled lizards
  6 rats
36 creatures vanquished.

Notes
Turn   | Place    | Note
-------+----------+-------------------------------------------
     0 | D:1      | TheGoonsmith the Centaur Arcane Marksman began the quest
                  | for the Orb.
     0 | D:1      | Reached XP level 1. HP: 16/16 MP: 2/2
    31 | D:1      | Reached skill level 3 in Bows
    37 | D:1      | Upgraded the game from 0.24-a0-27-gca774cb to
                  | 0.24-a0-58-gc8b47a3
    71 | D:1      | Reached XP level 2. HP: 23/23 MP: 3/3
   353 | D:1      | Reached skill level 4 in Bows
   618 | D:1      | Reached XP level 3. HP: 27/29 MP: 4/4
  1281 | D:2      | Found a blossoming altar of Fedhas.
  1420 | D:2      | Killed from afar by an orc wizard

Vault maps used:
D:1:      kennysheep_arrival_seaside, minivault_23, serial_bayou_pond_b
D:2:      fedhas_altar_2

Skill      XL: |  1  2  3 |
---------------+----------+-----
Bows           | 3 4 |  4.9
Fighting       | 2 |  2.2
Dodging        | |  1.3
Spellcasting   | |  1.0
Hexes          | |  2.6

Action                   || total
-------------------------++-------
Melee: Whip              ||    88
       Kick              ||    13
 Fire: Shortbow          ||    10
Armor: Robe              ||    28
Dodge: Dodged            ||    49

Table legend:
 A = Non-vault XP
 B = Vault XP
 C = Vault XP percentage of total XP
 D = Non-vault monster count
 E = Vault monster count
 F = Vault count percentage of total count
                 A         B        C        D         E       F
            +---------+---------+-------+---------+---------+-------
      Total |      84 |      10 |  10.6 |      31 |       5 |  13.9
            +---------+---------+-------+---------+---------+-------
        D:1 |      34 |      10 |  22.7 |      18 |       5 |  21.7
        D:2 |      50 |       0 |   0.0 |      13 |       0 |   0.0
            +---------+---------+-------+---------+---------+-------
